[ AOE2 MATCH · #487588141 ]
UnrankedBohemians vs Persians
[ REPLAY ANALYSIS · EXTRACTED FROM THE RECORDED GAME ]
Feudal
11:07
Castle
15:29
Imperial
37:30
| APM avg | 42.2 |
| APM peak | 83 |
| eAPM avg | 22.1 |
| Villagers / military | 127 / 158 |
Focus
⚔️ 19.8% · 🌾 80.2%
Hand Cannoneer ×74 · Hussite Wagon ×73 · Monk ×6 · Bombard Cannon ×3 · Battering Ram ×1 · Trebuchet (Packed) ×1
Feudal
11:20
Castle
15:51
Imperial
43:13
| APM avg | 38.2 |
| APM peak | 87 |
| eAPM avg | 24.3 |
| Villagers / military | 197 / 85 |
Focus
⚔️ 16.9% · 🌾 83.1%
Scout Cavalry ×48 · Battle Elephant ×25 · Mangonel ×9 · Scorpion ×3
Feudal
12:12
Castle
16:49
Imperial
35:17
| APM avg | 22.8 |
| APM peak | 50 |
| eAPM avg | 16.1 |
| Villagers / military | 205 / 89 |
Focus
⚔️ 26.8% · 🌾 73.2%
War Elephant ×45 · Spearman ×32 · Archer ×7 · Knight ×5
Feudal
13:13
Castle
21:38
Imperial
—
| APM avg | 12.4 |
| APM peak | 31 |
| eAPM avg | 9.8 |
| Villagers / military | 92 / 119 |
Focus
⚔️ 41.6% · 🌾 58.4%
Spearman ×51 · Militia ×42 · Scorpion ×19 · Teutonic Knight ×5 · Knight ×2
Feudal
13:25
Castle
19:31
Imperial
—
| APM avg | 11.9 |
| APM peak | 54 |
| eAPM avg | 7.6 |
| Villagers / military | 74 / 50 |
Focus
⚔️ 20.8% · 🌾 79.2%
Skirmisher ×30 · Berserk ×6 · Archer ×5 · Battering Ram ×4 · Knight ×3 · Spearman ×2
Feudal
10:18
Castle
16:08
Imperial
—
| APM avg | 5.7 |
| APM peak | 28 |
| eAPM avg | 3.1 |
| Villagers / military | 41 / 0 |
Focus
⚔️ 4.0% · 🌾 96.0%
Feudal
12:11
Castle
15:44
Imperial
29:24
| APM avg | 47.0 |
| APM peak | 118 |
| eAPM avg | 22.1 |
| Villagers / military | 143 / 181 |
Focus
⚔️ 29.0% · 🌾 71.0%
Knight ×136 · Flemish Militia ×40 · Bombard Cannon ×3 · Trebuchet (Packed) ×2
Feudal
11:05
Castle
16:26
Imperial
32:54
| APM avg | 30.8 |
| APM peak | 95 |
| eAPM avg | 11.4 |
| Villagers / military | 94 / 246 |
Focus
⚔️ 28.0% · 🌾 72.0%
Spearman ×216 · Conquistador ×16 · Trebuchet (Packed) ×7 · Mangonel ×4 · Battering Ram ×3
Match map
Initial resources + every placement click. Lines = walls · curves = elevation contours. ◆ gold · ⬟ stone · ● berries · ✦ relic · ◌ wall gap
Your base· ✓ Closed at 15:29 · 0t walls · 2 gate(s)
夜晚的奖励哥's base· ✓ Closed at 15:51 · 0t walls · 3 gate(s)
MrChronos's base· ✓ Closed at 16:49 · 0t walls · 2 gate(s)
Goudjou's base· ✓ Closed at 21:38 · 0t walls · 2 gate(s)
COCO's base· ✓ Closed at 19:31 · 0t walls · 2 gate(s)
concejaljesus23's base· ✓ Closed at 16:08 · 0t walls · 3 gate(s)
happyeric8877's base· ✓ Closed at 15:44 · 0t walls · 2 gate(s)
Koleksiyoncu's base· ✓ Closed at 16:26 · 0t walls · 2 gate(s)
Smoothed initial terrain · ◌ = detected wall gap · hover for details
Inputs per minute
— CDLP_Themachine - - 夜晚的奖励哥
Build order — CDLP_Themachine
First 150 of 324 actions detected
| 0:02 | Queue | Villager (Male) |
| 0:02 | Queue | Villager (Male) |
| 0:02 | Queue | Villager (Male) |
| 0:03 | Queue | Villager (Male) |
| 0:04 | Build | House |
| 0:06 | Build | House |
| 1:26 | Queue | Villager (Male) |
| 1:26 | Queue | Villager (Male) |
| 1:46 | Build | Lumber Camp |
| 2:07 | Queue | Villager (Male) |
| 2:07 | Queue | Villager (Male) |
| 2:19 | Queue | Villager (Male) |
| 2:57 | Queue | Villager (Male) |
| 2:57 | Queue | Villager (Male) |
| 3:08 | Build | House |
| 3:10 | Queue | Villager (Male) |
| 3:56 | Queue | Villager (Male) |
| 4:19 | Research | Loom |
| 4:31 | Build | Mill |
| 4:35 | Queue | Villager (Male) |
| 4:35 | Queue | Villager (Male) |
| 4:35 | Queue | Villager (Male) |
| 5:17 | Queue | Villager (Male) |
| 5:18 | Queue | Villager (Male) |
| 5:18 | Queue | Villager (Male) |
| 5:18 | Queue | Villager (Male) |
| 5:27 | Build | House |
| 6:03 | Queue | Villager (Male) |
| 6:03 | Queue | Villager (Male) |
| 6:30 | Queue | Villager (Male) |
| 6:30 | Queue | Villager (Male) |
| 6:38 | Queue | Villager (Male) |
| 6:39 | Queue | Villager (Male) |
| 6:47 | Build | House |
| 6:58 | Queue | Villager (Male) |
| 6:58 | Queue | Villager (Male) |
| 8:11 | Build | Mining Camp |
| 8:46 | Research | Feudal Age |
| 9:01 | Build | Farm |
| 11:07 | Age | Feudal Age |
| 11:11 | Queue | Villager (Male) |
| 11:11 | Queue | Villager (Male) |
| 11:25 | Build | Market |
| 11:46 | Build | Blacksmith |
| 12:14 | Build | House |
| 12:20 | Build | Mining Camp |
| 12:49 | Research | Castle Age |
| 14:37 | Research | Double-Bit Axe |
| 15:29 | Age | Castle Age |
| 15:44 | Queue | Villager (Male) |
| 15:44 | Queue | Villager (Male) |
| 16:07 | Build | Castle |
| 16:15 | Queue | Villager (Male) |
| 16:15 | Queue | Villager (Male) |
| 16:44 | Queue | Villager (Male) |
| 16:45 | Queue | Villager (Male) |
| 17:08 | Queue | Villager (Male) |
| 17:08 | Queue | Villager (Male) |
| 17:25 | Queue | Hussite Wagon |
| 17:25 | Queue | Hussite Wagon |
| 17:26 | Queue | Hussite Wagon |
| 17:26 | Queue | Hussite Wagon |
| 17:26 | Queue | Hussite Wagon |
| 17:26 | Queue | Hussite Wagon |
| 18:45 | Queue | Villager (Male) |
| 18:45 | Queue | Villager (Male) |
| 18:45 | Queue | Villager (Male) |
| 19:22 | Queue | Hussite Wagon |
| 19:23 | Queue | Hussite Wagon |
| 19:40 | Queue | Villager (Male) |
| 19:40 | Queue | Villager (Male) |
| 19:43 | Build | Farm |
| 19:43 | Build | Farm |
| 19:44 | Build | Farm |
| 20:41 | Build | Siege Workshop |
| 21:27 | Queue | Hussite Wagon |
| 21:27 | Queue | Hussite Wagon |
| 21:27 | Queue | Hussite Wagon |
| 21:28 | Queue | Hussite Wagon |
| 21:45 | Build | House |
| 21:46 | Build | House |
| 21:47 | Build | House |
| 21:48 | Build | House |
| 22:00 | Research | Bow Saw |
| 22:33 | Queue | Villager (Male) |
| 22:33 | Queue | Villager (Male) |
| 22:50 | Queue | Battering Ram |
| 23:09 | Queue | Hussite Wagon |
| 23:09 | Queue | Hussite Wagon |
| 24:54 | Build | Monastery |
| 24:55 | Queue | Villager (Male) |
| 24:55 | Queue | Villager (Male) |
| 24:56 | Queue | Villager (Male) |
| 24:56 | Queue | Villager (Male) |
| 25:27 | Build | Farm |
| 25:47 | Queue | Hussite Wagon |
| 25:47 | Queue | Hussite Wagon |
| 25:48 | Queue | Hussite Wagon |
| 25:48 | Queue | Hussite Wagon |
| 25:48 | Queue | Hussite Wagon |
| 26:53 | Build | Farm |
| 26:53 | Build | Farm |
| 26:53 | Build | Farm |
| 27:27 | Build | House |
| 27:27 | Build | House |
| 27:28 | Build | House |
| 27:38 | Build | Castle |
| 28:02 | Queue | Monk |
| 28:08 | Build | Farm |
| 28:14 | Build | Town Center |
| 28:24 | Research | Wheelbarrow |
| 28:25 | Queue | Villager (Male) |
| 28:25 | Queue | Villager (Male) |
| 28:26 | Queue | Villager (Male) |
| 28:26 | Queue | Villager (Male) |
| 29:07 | Build | Farm |
| 29:09 | Build | Farm |
| 29:12 | Queue | Villager (Male) |
| 29:12 | Queue | Villager (Male) |
| 29:12 | Queue | Villager (Male) |
| 29:13 | Queue | Villager (Male) |
| 29:31 | Queue | Hussite Wagon |
| 29:31 | Queue | Hussite Wagon |
| 29:55 | Queue | Villager (Male) |
| 29:55 | Queue | Villager (Male) |
| 29:55 | Queue | Villager (Male) |
| 30:03 | Build | Farm |
| 30:10 | Build | Farm |
| 30:13 | Queue | Villager (Male) |
| 30:13 | Queue | Villager (Male) |
| 30:13 | Queue | Villager (Male) |
| 30:22 | Queue | Hussite Wagon ×2 |
| 30:22 | Queue | Hussite Wagon ×2 |
| 30:22 | Queue | Hussite Wagon ×2 |
| 30:40 | Queue | Hussite Wagon |
| 30:40 | Queue | Hussite Wagon |
| 30:41 | Queue | Hussite Wagon |
| 30:50 | Build | Farm |
| 31:02 | Build | Farm |
| 31:04 | Queue | Villager (Male) |
| 31:05 | Queue | Villager (Male) |
| 31:05 | Queue | Villager (Male) |
| 31:05 | Queue | Villager (Male) |
| 31:05 | Queue | Villager (Male) |
| 31:11 | Build | Lumber Camp |
| 31:28 | Build | Farm |
| 31:51 | Build | Farm |
| 32:00 | Build | Barracks |
| 32:03 | Build | House |
| 32:03 | Build | House |
Build order — 夜晚的奖励哥
First 150 of 576 actions detected
| 0:04 | Build | House |
| 0:06 | Build | House |
| 0:07 | Queue | Villager (Male) |
| 0:07 | Queue | Villager (Male) |
| 0:07 | Queue | Villager (Male) |
| 0:53 | Queue | Villager (Male) |
| 0:53 | Queue | Villager (Male) |
| 1:34 | Queue | Villager (Male) |
| 1:34 | Queue | Villager (Male) |
| 1:53 | Build | Lumber Camp |
| 2:23 | Queue | Villager (Male) |
| 2:23 | Queue | Villager (Male) |
| 2:23 | Queue | Villager (Male) |
| 2:57 | Queue | Villager (Male) |
| 2:57 | Queue | Villager (Male) |
| 3:17 | Build | House |
| 3:17 | Build | House |
| 3:18 | Build | House |
| 3:18 | Build | House |
| 3:25 | Queue | Villager (Male) |
| 3:26 | Queue | Villager (Male) |
| 4:01 | Queue | Villager (Male) |
| 4:02 | Queue | Villager (Male) |
| 4:02 | Queue | Villager (Male) |
| 4:29 | Queue | Villager (Male) |
| 4:30 | Queue | Villager (Male) |
| 5:21 | Queue | Villager (Male) |
| 5:21 | Queue | Villager (Male) |
| 5:21 | Queue | Villager (Male) |
| 5:26 | Build | Mill |
| 5:41 | Queue | Villager (Male) |
| 6:40 | Queue | Villager (Male) |
| 6:49 | Build | Farm |
| 7:02 | Queue | Villager (Male) |
| 7:03 | Queue | Villager (Male) |
| 7:03 | Queue | Villager (Male) |
| 7:37 | Build | Farm |
| 7:37 | Build | Farm |
| 7:38 | Build | Farm |
| 8:16 | Queue | Villager (Male) |
| 8:22 | Build | House |
| 8:22 | Build | House |
| 8:25 | Build | House |
| 8:25 | Build | House |
| 8:31 | Build | Farm |
| 8:40 | Queue | Villager (Male) |
| 8:55 | Research | Feudal Age |
| 8:56 | Research | Feudal Age |
| 9:53 | Build | Mining Camp |
| 10:24 | Queue | Villager (Male) |
| 10:24 | Queue | Villager (Male) |
| 11:20 | Age | Feudal Age |
| 12:21 | Queue | Villager (Male) |
| 12:21 | Queue | Villager (Male) |
| 12:22 | Queue | Villager (Male) |
| 12:24 | Research | Double-Bit Axe |
| 12:25 | Research | Double-Bit Axe |
| 12:48 | Research | Castle Age |
| 12:48 | Research | Castle Age |
| 13:14 | Research | Horse Collar |
| 13:14 | Research | Horse Collar |
| 13:31 | Build | House |
| 13:31 | Build | House |
| 13:32 | Build | House |
| 13:32 | Build | House |
| 13:37 | Queue | Villager (Male) |
| 14:37 | Research | Loom |
| 15:18 | Build | House |
| 15:46 | Queue | Villager (Male) |
| 15:51 | Age | Castle Age |
| 15:53 | Build | Town Center |
| 16:00 | Build | Town Center |
| 16:10 | Queue | Villager (Male) |
| 16:13 | Research | Bow Saw |
| 16:14 | Research | Bow Saw |
| 16:16 | Research | Heavy Plow |
| 16:55 | Queue | Villager (Male) |
| 16:57 | Research | Loom |
| 17:07 | Build | Farm |
| 17:14 | Queue | Villager (Male) |
| 17:15 | Queue | Villager (Male) |
| 17:15 | Queue | Villager (Male) |
| 17:23 | Queue | Villager (Male) |
| 17:24 | Queue | Villager (Male) |
| 17:24 | Queue | Villager (Male) |
| 17:30 | Build | Farm |
| 17:39 | Build | Farm |
| 17:42 | Queue | Villager (Male) |
| 17:42 | Queue | Villager (Male) |
| 17:48 | Build | Farm |
| 17:50 | Build | Farm |
| 18:11 | Build | Farm |
| 18:11 | Build | Farm |
| 18:12 | Build | Farm |
| 18:12 | Build | Farm |
| 18:12 | Build | Farm |
| 18:12 | Build | Farm |
| 18:13 | Build | Farm |
| 18:13 | Build | Farm |
| 18:17 | Queue | Villager (Male) |
| 18:18 | Queue | Villager (Male) |
| 18:18 | Queue | Villager (Male) |
| 18:32 | Queue | Villager (Male) |
| 18:32 | Queue | Villager (Male) |
| 18:48 | Queue | Villager (Male) |
| 18:49 | Queue | Villager (Male) |
| 19:05 | Build | Farm |
| 19:05 | Build | Farm |
| 19:06 | Build | Farm |
| 19:06 | Build | Farm |
| 19:06 | Build | Farm |
| 19:07 | Build | Farm |
| 19:07 | Build | Farm |
| 19:39 | Queue | Villager (Male) |
| 19:39 | Queue | Villager (Male) |
| 19:39 | Queue | Villager (Male) |
| 19:40 | Queue | Villager (Male) |
| 20:27 | Queue | Villager (Male) |
| 20:27 | Queue | Villager (Male) |
| 20:28 | Queue | Villager (Male) |
| 20:36 | Build | Lumber Camp |
| 20:45 | Queue | Villager (Male) |
| 20:46 | Queue | Villager (Male) |
| 21:53 | Build | Town Center |
| 23:47 | Queue | Villager (Male) |
| 23:47 | Queue | Villager (Male) |
| 23:47 | Queue | Villager (Male) |
| 23:47 | Queue | Villager (Male) |
| 24:03 | Build | Mining Camp |
| 24:50 | Build | Town Center |
| 25:05 | Build | Farm |
| 25:05 | Build | Farm |
| 25:06 | Build | Farm |
| 25:06 | Build | Farm |
| 25:06 | Build | Farm |
| 25:07 | Build | Farm |
| 25:08 | Build | Farm |
| 25:08 | Build | Farm |
| 25:08 | Build | Farm |
| 25:09 | Build | Farm |
| 25:09 | Build | Farm |
| 25:09 | Build | Farm |
| 25:09 | Build | Farm |
| 25:30 | Build | House |
| 25:30 | Build | House |
| 25:31 | Build | House |
| 25:31 | Build | House |
| 25:31 | Build | House |
| 26:09 | Queue | Villager (Male) |
| 26:10 | Queue | Villager (Male) |
Build order — MrChronos
First 150 of 492 actions detected
| 0:03 | Build | House |
| 0:05 | Build | House |
| 0:09 | Queue | Villager (Male) |
| 0:10 | Queue | Villager (Male) |
| 0:10 | Queue | Villager (Male) |
| 0:54 | Queue | Villager (Male) |
| 1:09 | Queue | Villager (Male) |
| 1:40 | Queue | Villager (Male) |
| 2:41 | Queue | Villager (Male) |
| 2:41 | Queue | Villager (Male) |
| 2:42 | Queue | Villager (Male) |
| 2:52 | Queue | Villager (Male) |
| 2:53 | Queue | Villager (Male) |
| 3:23 | Queue | Villager (Male) |
| 3:36 | Build | House |
| 3:39 | Queue | Villager (Male) |
| 3:59 | Queue | Villager (Male) |
| 4:16 | Build | Mill |
| 4:19 | Research | Loom |
| 4:43 | Queue | Villager (Male) |
| 4:56 | Build | House |
| 5:09 | Queue | Villager (Male) |
| 5:40 | Queue | Villager (Male) |
| 5:40 | Queue | Villager (Male) |
| 5:47 | Build | Lumber Camp |
| 6:01 | Queue | Villager (Male) |
| 6:01 | Queue | Villager (Male) |
| 6:33 | Build | Lumber Camp |
| 6:50 | Queue | Villager (Male) |
| 7:08 | Queue | Villager (Male) |
| 7:37 | Build | House |
| 8:13 | Queue | Villager (Male) |
| 8:21 | Build | Mining Camp |
| 8:57 | Queue | Villager (Male) |
| 9:03 | Queue | Villager (Male) |
| 9:07 | Queue | Villager (Male) |
| 9:29 | Queue | Villager (Male) |
| 10:05 | Research | Feudal Age |
| 10:14 | Build | Mining Camp |
| 10:19 | Build | Barracks |
| 10:22 | Build | House |
| 10:24 | Build | House |
| 12:11 | Queue | Villager (Male) |
| 12:12 | Queue | Villager (Male) |
| 12:12 | Age | Feudal Age |
| 12:16 | Research | Wheelbarrow |
| 12:16 | Queue | Villager (Male) |
| 12:28 | Build | Stable |
| 12:41 | Build | Blacksmith |
| 12:58 | Build | Farm |
| 13:02 | Build | Farm |
| 13:06 | Build | Farm |
| 13:11 | Build | Farm |
| 13:29 | Build | Farm |
| 13:34 | Build | Farm |
| 13:48 | Build | Farm |
| 13:51 | Build | Farm |
| 13:55 | Build | Farm |
| 14:01 | Build | Farm |
| 14:05 | Build | Farm |
| 14:11 | Build | Farm |
| 14:24 | Research | Castle Age |
| 15:06 | Research | Double-Bit Axe |
| 15:24 | Research | Horse Collar |
| 15:44 | Research | Stone Mining |
| 16:04 | Research | Gold Mining |
| 16:49 | Age | Castle Age |
| 16:56 | Build | Town Center |
| 17:08 | Queue | Villager (Male) |
| 17:08 | Queue | Villager (Male) |
| 17:16 | Research | Bow Saw |
| 18:01 | Build | Town Center |
| 18:04 | Queue | Villager (Male) |
| 18:06 | Queue | Villager (Male) |
| 18:11 | Research | Town Watch |
| 18:25 | Queue | Villager (Male) |
| 18:27 | Queue | Villager (Male) |
| 18:56 | Build | Town Center |
| 19:03 | Build | House |
| 19:04 | Build | House |
| 19:05 | Build | House |
| 19:06 | Build | House |
| 19:09 | Queue | Villager (Male) |
| 19:09 | Queue | Villager (Male) |
| 19:15 | Queue | Villager (Male) |
| 19:38 | Research | Stone Shaft Mining |
| 19:40 | Queue | Villager (Male) |
| 19:52 | Queue | Villager (Male) |
| 20:01 | Queue | Villager (Male) |
| 20:10 | Build | Farm |
| 20:10 | Build | Farm |
| 20:10 | Build | Farm |
| 20:11 | Build | Farm |
| 20:11 | Build | Farm |
| 20:23 | Queue | Villager (Male) |
| 20:23 | Queue | Villager (Male) |
| 20:28 | Queue | Villager (Male) |
| 20:41 | Queue | Villager (Male) |
| 20:58 | Build | House |
| 21:00 | Build | House |
| 21:01 | Build | House |
| 21:03 | Build | House |
| 21:08 | Queue | Villager (Male) |
| 21:09 | Queue | Villager (Male) |
| 21:09 | Queue | Villager (Male) |
| 21:15 | Queue | Villager (Male) |
| 21:32 | Queue | Villager (Male) |
| 21:33 | Queue | Villager (Male) |
| 21:58 | Queue | Villager (Male) |
| 21:59 | Queue | Villager (Male) |
| 22:19 | Build | Castle |
| 22:24 | Queue | Villager (Male) |
| 22:25 | Queue | Villager (Male) |
| 22:25 | Queue | Villager (Male) |
| 22:25 | Queue | Villager (Male) |
| 22:31 | Queue | Villager (Male) |
| 22:35 | Build | Farm |
| 22:36 | Build | Farm |
| 22:36 | Build | Farm |
| 22:36 | Build | Farm |
| 22:36 | Build | Farm |
| 22:36 | Build | Farm |
| 22:44 | Build | House |
| 22:45 | Build | House |
| 22:46 | Build | House |
| 22:48 | Build | House |
| 22:49 | Build | House |
| 22:52 | Queue | Villager (Male) |
| 22:52 | Queue | Villager (Male) |
| 22:52 | Queue | Villager (Male) |
| 23:07 | Build | Archery Range |
| 23:09 | Build | Archery Range |
| 23:11 | Build | Archery Range |
| 23:14 | Build | Archery Range |
| 23:21 | Queue | Villager (Male) |
| 23:22 | Queue | Villager (Male) |
| 23:22 | Queue | Villager (Male) |
| 23:23 | Queue | Villager (Male) |
| 23:30 | Build | Farm |
| 23:49 | Queue | Knight |
| 23:49 | Queue | Knight |
| 23:50 | Queue | Knight |
| 24:03 | Queue | Archer ×3 |
| 24:03 | Queue | Archer ×3 |
| 24:04 | Queue | Archer |
| 24:13 | Queue | Villager (Male) |
| 24:13 | Queue | Villager (Male) |
| 24:31 | Queue | Villager (Male) |
| 24:31 | Queue | Villager (Male) |
| 24:31 | Queue | Villager (Male) |
Build order — Goudjou
First 150 of 301 actions detected
| 0:32 | Build | House |
| 0:34 | Build | House |
| 0:35 | Build | House |
| 0:42 | Queue | Villager (Male) |
| 0:42 | Queue | Villager (Male) |
| 0:43 | Queue | Villager (Male) |
| 0:43 | Queue | Villager (Male) |
| 2:21 | Queue | Villager (Male) |
| 2:21 | Queue | Villager (Male) |
| 3:00 | Queue | Villager (Male) |
| 3:12 | Queue | Villager (Male) |
| 3:47 | Queue | Villager (Male) |
| 4:15 | Queue | Villager (Male) |
| 4:15 | Queue | Villager (Male) |
| 4:44 | Build | Mill |
| 4:48 | Queue | Villager (Male) |
| 4:48 | Queue | Villager (Male) |
| 5:19 | Build | Lumber Camp |
| 5:26 | Queue | Villager (Male) |
| 5:59 | Queue | Villager (Male) |
| 5:59 | Queue | Villager (Male) |
| 6:00 | Research | Loom |
| 6:18 | Research | Loom |
| 6:21 | Queue | Villager (Male) |
| 7:01 | Queue | Villager (Male) |
| 7:13 | Build | House |
| 7:14 | Build | House |
| 7:16 | Build | House |
| 7:53 | Queue | Villager (Male) |
| 7:53 | Queue | Villager (Male) |
| 7:54 | Queue | Villager (Male) |
| 8:02 | Build | Mining Camp |
| 9:08 | Queue | Villager (Male) |
| 9:33 | Build | Farm |
| 9:48 | Queue | Villager (Male) |
| 9:48 | Queue | Villager (Male) |
| 9:48 | Queue | Villager (Male) |
| 10:49 | Build | Mining Camp |
| 11:01 | Research | Feudal Age |
| 11:40 | Build | Farm |
| 11:51 | Build | Farm |
| 13:00 | Build | Mill |
| 13:08 | Build | Farm |
| 13:13 | Age | Feudal Age |
| 13:22 | Build | House |
| 13:23 | Build | House |
| 13:30 | Build | Barracks |
| 13:44 | Research | Horse Collar |
| 13:58 | Queue | Villager (Male) |
| 13:58 | Queue | Villager (Male) |
| 13:59 | Queue | Villager (Male) |
| 14:47 | Research | Double-Bit Axe |
| 14:55 | Queue | Villager (Male) |
| 14:56 | Queue | Villager (Male) |
| 15:50 | Build | Farm |
| 15:51 | Build | Farm |
| 15:53 | Build | Farm |
| 16:28 | Build | Blacksmith |
| 16:48 | Build | Farm |
| 16:53 | Queue | Villager (Male) |
| 16:54 | Research | Wheelbarrow |
| 17:03 | Research | Arson |
| 17:12 | Queue | Villager (Male) |
| 17:13 | Queue | Villager (Male) |
| 17:43 | Build | Stable |
| 18:17 | Queue | Villager (Male) |
| 18:48 | Research | Castle Age |
| 19:16 | Research | Forging |
| 19:17 | Research | Scale Mail Armor |
| 19:23 | Research | Scale Barding Armor |
| 19:32 | Queue | Spearman |
| 19:32 | Queue | Spearman |
| 19:32 | Queue | Spearman |
| 19:56 | Research | Bloodlines |
| 21:12 | Research | Man-at-Arms (upgrade) |
| 21:29 | Build | Barracks |
| 21:31 | Build | Barracks |
| 21:34 | Build | Barracks |
| 21:38 | Age | Castle Age |
| 21:42 | Build | Farm |
| 22:02 | Queue | Villager (Male) |
| 22:03 | Queue | Villager (Male) |
| 22:26 | Build | Castle |
| 23:08 | Research | Gambesons |
| 23:09 | Research | Long Swordsman (upgrade) |
| 23:09 | Queue | Militia |
| 23:10 | Queue | Militia |
| 23:10 | Queue | Militia |
| 23:10 | Queue | Militia |
| 23:10 | Queue | Militia |
| 23:11 | Queue | Militia |
| 23:11 | Queue | Militia |
| 23:11 | Queue | Militia |
| 24:58 | Research | Squires |
| 24:59 | Queue | Militia |
| 24:59 | Queue | Militia |
| 24:59 | Queue | Militia |
| 25:00 | Queue | Militia |
| 25:00 | Queue | Militia |
| 25:00 | Queue | Militia |
| 25:16 | Queue | Villager (Male) |
| 25:16 | Queue | Villager (Male) |
| 25:55 | Research | Town Watch |
| 26:17 | Queue | Militia |
| 26:17 | Queue | Militia |
| 26:17 | Queue | Militia |
| 26:46 | Queue | Militia |
| 26:47 | Queue | Militia |
| 26:47 | Queue | Militia |
| 27:35 | Build | Town Center |
| 27:38 | Queue | Villager (Male) |
| 27:38 | Queue | Villager (Male) |
| 27:39 | Queue | Villager (Male) |
| 27:39 | Queue | Villager (Male) |
| 27:39 | Queue | Villager (Male) |
| 28:02 | Build | Farm |
| 28:03 | Build | Farm |
| 28:39 | Queue | Militia |
| 28:40 | Queue | Militia |
| 28:40 | Queue | Militia |
| 28:40 | Queue | Militia |
| 29:56 | Queue | Villager (Male) |
| 29:57 | Queue | Villager (Male) |
| 29:57 | Queue | Villager (Male) |
| 29:58 | Queue | Villager (Male) |
| 29:58 | Queue | Villager (Male) |
| 29:58 | Queue | Villager (Male) |
| 29:58 | Queue | Villager (Male) |
| 30:18 | Build | Farm |
| 30:20 | Build | Farm |
| 30:59 | Build | Castle |
| 31:05 | Queue | Villager (Male) |
| 31:06 | Queue | Villager (Male) |
| 31:06 | Queue | Villager (Male) |
| 31:06 | Queue | Villager (Male) |
| 31:16 | Build | Farm |
| 31:17 | Build | Farm |
| 31:22 | Queue | Villager (Male) |
| 32:43 | Queue | Villager (Male) |
| 32:49 | Build | House |
| 32:50 | Build | House |
| 32:52 | Build | House |
| 32:54 | Build | House |
| 32:55 | Build | House |
| 33:17 | Build | Mining Camp |
| 33:50 | Queue | Spearman |
| 33:50 | Queue | Spearman |
| 33:51 | Queue | Spearman |
| 33:51 | Queue | Spearman |
| 33:52 | Queue | Militia |
Build order — COCO
First 150 of 220 actions detected
| 0:04 | Queue | Villager (Male) |
| 0:04 | Queue | Villager (Male) |
| 0:04 | Queue | Villager (Male) |
| 0:04 | Queue | Villager (Male) |
| 0:04 | Queue | Villager (Male) |
| 0:07 | Build | House |
| 0:09 | Build | House |
| 1:29 | Queue | Villager (Male) |
| 1:29 | Queue | Villager (Male) |
| 1:51 | Build | Lumber Camp |
| 2:06 | Queue | Villager (Male) |
| 2:20 | Queue | Villager (Male) |
| 2:21 | Queue | Villager (Male) |
| 2:53 | Queue | Villager (Male) |
| 2:54 | Queue | Villager (Male) |
| 3:10 | Queue | Villager (Male) |
| 3:10 | Queue | Villager (Male) |
| 3:28 | Build | House |
| 3:29 | Build | House |
| 3:47 | Queue | Villager (Male) |
| 3:47 | Queue | Villager (Male) |
| 4:13 | Queue | Villager (Male) |
| 4:21 | Build | House |
| 4:39 | Build | Mill |
| 4:45 | Queue | Villager (Male) |
| 4:45 | Queue | Villager (Male) |
| 4:46 | Queue | Villager (Male) |
| 5:07 | Queue | Villager (Male) |
| 5:07 | Queue | Villager (Male) |
| 6:15 | Queue | Villager (Male) |
| 6:16 | Queue | Villager (Male) |
| 6:16 | Queue | Villager (Male) |
| 6:16 | Queue | Villager (Male) |
| 6:16 | Queue | Villager (Male) |
| 6:27 | Build | Mill |
| 6:52 | Queue | Villager (Male) |
| 6:52 | Queue | Villager (Male) |
| 7:16 | Queue | Villager (Male) |
| 7:16 | Queue | Villager (Male) |
| 7:31 | Build | House |
| 7:32 | Build | House |
| 7:33 | Build | House |
| 7:34 | Build | House |
| 7:36 | Build | House |
| 7:39 | Queue | Villager (Male) |
| 7:39 | Queue | Villager (Male) |
| 8:08 | Queue | Villager (Male) |
| 8:09 | Queue | Villager (Male) |
| 8:09 | Queue | Villager (Male) |
| 8:09 | Queue | Villager (Male) |
| 8:12 | Queue | Villager (Male) |
| 8:19 | Queue | Villager (Male) |
| 9:46 | Build | Mining Camp |
| 9:50 | Research | Feudal Age |
| 10:20 | Build | Mining Camp |
| 10:37 | Queue | Villager (Male) |
| 10:38 | Queue | Villager (Male) |
| 10:38 | Queue | Villager (Male) |
| 10:38 | Queue | Villager (Male) |
| 10:51 | Queue | Villager (Male) |
| 11:06 | Build | Farm |
| 11:07 | Build | Farm |
| 11:09 | Build | Farm |
| 11:19 | Research | Loom |
| 11:20 | Queue | Villager (Male) ×5 |
| 12:33 | Build | Barracks |
| 12:39 | Build | Mining Camp |
| 13:25 | Age | Feudal Age |
| 13:30 | Research | Double-Bit Axe |
| 13:33 | Research | Horse Collar |
| 13:41 | Build | Blacksmith |
| 14:09 | Build | Archery Range |
| 14:46 | Build | Farm |
| 14:47 | Build | Farm |
| 15:28 | Build | Farm |
| 15:34 | Build | Farm |
| 15:42 | Build | Farm |
| 15:50 | Build | Farm |
| 15:54 | Build | Farm |
| 16:06 | Build | Farm |
| 16:15 | Build | Farm |
| 16:51 | Research | Castle Age |
| 16:54 | Build | Farm |
| 17:07 | Queue | Spearman |
| 17:07 | Queue | Spearman |
| 17:18 | Queue | Archer ×5 |
| 17:28 | Research | Fletching |
| 17:35 | Research | Padded Archer Armor |
| 18:15 | Build | Archery Range |
| 18:23 | Queue | Villager (Male) |
| 18:23 | Queue | Villager (Male) |
| 18:24 | Queue | Villager (Male) |
| 18:33 | Queue | Skirmisher |
| 18:34 | Queue | Skirmisher |
| 18:48 | Queue | Skirmisher |
| 19:17 | Queue | Skirmisher |
| 19:19 | Queue | Skirmisher |
| 19:31 | Age | Castle Age |
| 19:33 | Build | Castle |
| 19:42 | Research | Bow Saw |
| 19:43 | Queue | Villager (Male) |
| 19:43 | Queue | Villager (Male) |
| 20:31 | Build | House |
| 20:32 | Build | House |
| 20:32 | Build | House |
| 20:33 | Build | House |
| 20:34 | Build | House |
| 20:34 | Build | House |
| 20:40 | Research | Heavy Plow |
| 20:49 | Queue | Villager (Male) |
| 20:49 | Queue | Villager (Male) |
| 20:54 | Queue | Skirmisher |
| 20:54 | Queue | Skirmisher |
| 20:54 | Queue | Skirmisher |
| 21:05 | Research | Bodkin Arrow |
| 21:52 | Build | Lumber Camp |
| 22:01 | Queue | Berserk |
| 22:01 | Queue | Berserk |
| 22:01 | Queue | Berserk |
| 22:36 | Queue | Villager (Male) |
| 22:36 | Queue | Villager (Male) |
| 22:42 | Research | Elite Skirmisher (upgrade) |
| 22:43 | Research | Elite Skirmisher (upgrade) |
| 23:06 | Queue | Skirmisher |
| 23:06 | Queue | Skirmisher |
| 23:06 | Queue | Skirmisher |
| 23:20 | Build | Castle |
| 23:24 | Queue | Villager (Male) |
| 23:24 | Queue | Villager (Male) |
| 23:36 | Research | Leather Archer Armor |
| 23:44 | Build | Siege Workshop |
| 23:48 | Queue | Skirmisher |
| 23:48 | Queue | Skirmisher |
| 23:49 | Queue | Skirmisher |
| 24:01 | Queue | Villager (Male) |
| 24:01 | Queue | Villager (Male) |
| 24:13 | Queue | Battering Ram |
| 24:13 | Queue | Battering Ram |
| 24:22 | Queue | Skirmisher |
| 24:22 | Queue | Skirmisher |
| 24:22 | Queue | Skirmisher |
| 24:24 | Queue | Villager (Male) |
| 24:24 | Queue | Villager (Male) |
| 24:24 | Queue | Villager (Male) |
| 24:42 | Queue | Berserk |
| 24:42 | Queue | Berserk |
| 24:42 | Queue | Berserk |
| 24:54 | Queue | Battering Ram |
| 24:55 | Queue | Battering Ram |
| 24:59 | Queue | Villager (Male) |
Build order — concejaljesus23
67 actions detected in the replay
| 0:03 | Queue | Villager (Male) |
| 0:03 | Queue | Villager (Male) |
| 0:03 | Queue | Villager (Male) |
| 1:05 | Queue | Villager (Male) |
| 1:05 | Queue | Villager (Male) |
| 1:30 | Queue | Villager (Male) |
| 1:30 | Queue | Villager (Male) |
| 2:03 | Queue | Villager (Male) |
| 2:03 | Queue | Villager (Male) |
| 2:35 | Queue | Villager (Male) |
| 2:35 | Queue | Villager (Male) |
| 2:58 | Queue | Villager (Male) |
| 2:58 | Queue | Villager (Male) |
| 3:25 | Queue | Villager (Male) |
| 3:34 | Build | Mill |
| 3:48 | Queue | Villager (Male) |
| 3:49 | Queue | Villager (Male) |
| 4:14 | Queue | Villager (Male) |
| 4:30 | Queue | Villager (Male) |
| 4:51 | Build | Farm |
| 4:59 | Queue | Villager (Male) |
| 5:00 | Queue | Villager (Male) |
| 5:19 | Build | Lumber Camp |
| 5:25 | Queue | Villager (Male) |
| 5:57 | Queue | Villager (Male) |
| 5:57 | Queue | Villager (Male) |
| 6:45 | Build | Farm |
| 6:48 | Queue | Villager (Male) |
| 6:49 | Queue | Villager (Male) |
| 7:20 | Queue | Villager (Male) |
| 8:08 | Research | Feudal Age |
| 10:18 | Age | Feudal Age |
| 10:21 | Queue | Villager (Male) |
| 10:21 | Queue | Villager (Male) |
| 10:22 | Queue | Villager (Male) |
| 10:31 | Build | Market |
| 11:13 | Queue | Villager (Male) |
| 11:32 | Build | Blacksmith |
| 12:10 | Build | Farm |
| 12:11 | Queue | Villager (Male) |
| 12:11 | Queue | Villager (Male) |
| 12:44 | Build | Farm |
| 13:03 | Queue | Villager (Male) |
| 13:09 | Build | Farm |
| 13:27 | Research | Castle Age |
| 13:38 | Build | Farm |
| 13:49 | Build | Mining Camp |
| 14:01 | Research | Forging |
| 14:25 | Build | Farm |
| 14:27 | Build | Farm |
| 14:28 | Build | Farm |
| 14:33 | Research | Double-Bit Axe |
| 14:35 | Research | Horse Collar |
| 15:10 | Build | Farm |
| 15:19 | Research | Stone Mining |
| 16:08 | Age | Castle Age |
| 16:10 | Queue | Villager (Male) |
| 16:10 | Queue | Villager (Male) |
| 16:10 | Queue | Villager (Male) |
| 17:33 | Build | Castle |
| 17:36 | Queue | Villager (Male) |
| 17:37 | Queue | Villager (Male) |
| 17:37 | Queue | Villager (Male) |
| 17:37 | Queue | Villager (Male) |
| 18:01 | Build | Stone Wall |
| 18:21 | Queue | Villager (Male) |
| 18:49 | Build | Stone Wall |
Build order — happyeric8877
First 150 of 387 actions detected
| 0:01 | Queue | Villager (Male) ×4 |
| 0:02 | Build | House |
| 0:05 | Build | House |
| 1:27 | Queue | Villager (Male) |
| 1:28 | Queue | Villager (Male) |
| 1:50 | Build | Lumber Camp |
| 1:56 | Queue | Villager (Male) |
| 1:56 | Queue | Villager (Male) |
| 2:26 | Queue | Villager (Male) |
| 2:27 | Queue | Villager (Male) |
| 2:48 | Queue | Villager (Male) |
| 3:01 | Queue | Villager (Male) |
| 3:02 | Queue | Villager (Male) |
| 3:20 | Queue | Villager (Male) |
| 3:21 | Queue | Villager (Male) |
| 3:49 | Build | House |
| 3:55 | Queue | Villager (Male) |
| 3:55 | Queue | Villager (Male) |
| 3:56 | Queue | Villager (Male) |
| 4:31 | Queue | Villager (Male) |
| 4:35 | Build | Mill |
| 4:43 | Research | Double-Bit Axe |
| 5:08 | Queue | Villager (Male) |
| 5:08 | Queue | Villager (Male) |
| 5:09 | Queue | Villager (Male) |
| 5:33 | Queue | Villager (Male) |
| 6:00 | Build | House |
| 6:26 | Research | Horse Collar |
| 6:33 | Build | Farm |
| 6:36 | Queue | Villager (Male) |
| 6:39 | Queue | Villager (Male) |
| 7:23 | Queue | Villager (Male) |
| 7:48 | Queue | Villager (Male) |
| 7:58 | Queue | Villager (Male) |
| 8:05 | Build | House |
| 8:20 | Queue | Villager (Male) |
| 8:51 | Queue | Villager (Male) |
| 8:54 | Queue | Villager (Male) |
| 9:16 | Build | Farm |
| 9:19 | Build | Farm |
| 9:47 | Build | Mining Camp |
| 9:53 | Research | Feudal Age |
| 11:25 | Queue | Villager (Male) |
| 11:26 | Queue | Villager (Male) |
| 11:39 | Build | Farm |
| 11:41 | Build | Farm |
| 11:44 | Build | Farm |
| 11:50 | Build | Farm |
| 11:53 | Build | Farm |
| 12:11 | Age | Feudal Age |
| 12:14 | Build | Market |
| 12:19 | Build | Blacksmith |
| 12:44 | Research | Bow Saw |
| 13:04 | Research | Castle Age |
| 13:44 | Research | Heavy Plow |
| 14:32 | Queue | Villager (Male) |
| 14:32 | Queue | Villager (Male) |
| 14:56 | Build | House |
| 15:44 | Age | Castle Age |
| 15:47 | Build | Town Center |
| 15:51 | Build | Town Center |
| 16:11 | Research | Two-Man Saw |
| 16:14 | Queue | Villager (Male) |
| 16:38 | Queue | Villager (Male) |
| 16:54 | Build | Farm |
| 17:09 | Research | Wheelbarrow |
| 17:12 | Queue | Villager (Male) |
| 17:13 | Queue | Villager (Male) |
| 17:20 | Build | House |
| 17:20 | Build | House |
| 17:21 | Build | House |
| 17:23 | Build | House |
| 17:24 | Build | House |
| 17:25 | Queue | Villager (Male) |
| 17:25 | Queue | Villager (Male) |
| 17:38 | Queue | Villager (Male) |
| 17:41 | Build | Farm |
| 17:46 | Build | Farm |
| 18:02 | Queue | Villager (Male) |
| 18:02 | Queue | Villager (Male) |
| 18:10 | Build | Farm |
| 18:21 | Build | Farm |
| 19:06 | Queue | Villager (Male) |
| 19:06 | Queue | Villager (Male) |
| 19:07 | Queue | Villager (Male) |
| 19:07 | Queue | Villager (Male) |
| 19:07 | Queue | Villager (Male) |
| 19:33 | Queue | Villager (Male) |
| 19:33 | Queue | Villager (Male) |
| 19:33 | Queue | Villager (Male) |
| 19:41 | Queue | Villager (Male) |
| 19:41 | Queue | Villager (Male) |
| 19:44 | Build | Farm |
| 19:46 | Build | Farm |
| 19:49 | Build | Farm |
| 19:52 | Build | Farm |
| 19:58 | Queue | Villager (Male) |
| 19:58 | Queue | Villager (Male) |
| 20:02 | Queue | Villager (Male) |
| 20:07 | Build | Farm |
| 20:10 | Build | Farm |
| 20:24 | Queue | Villager (Male) |
| 20:25 | Queue | Villager (Male) |
| 20:39 | Research | Loom |
| 20:40 | Queue | Villager (Male) |
| 20:40 | Queue | Villager (Male) |
| 20:47 | Build | Farm |
| 20:50 | Build | Farm |
| 20:52 | Queue | Villager (Male) |
| 20:52 | Queue | Villager (Male) |
| 20:57 | Build | Farm |
| 21:00 | Build | Lumber Camp |
| 21:06 | Build | Farm |
| 21:10 | Build | Farm |
| 21:16 | Build | Farm |
| 21:16 | Build | Farm |
| 21:17 | Build | Farm |
| 21:17 | Build | Farm |
| 21:17 | Build | Farm |
| 21:19 | Build | Farm |
| 21:20 | Build | Mill |
| 21:26 | Queue | Villager (Male) |
| 21:27 | Queue | Villager (Male) |
| 21:32 | Build | Farm |
| 21:37 | Build | House |
| 21:38 | Build | House |
| 21:39 | Build | House |
| 21:47 | Queue | Villager (Male) |
| 21:47 | Queue | Villager (Male) |
| 21:50 | Research | Crop Rotation |
| 21:53 | Queue | Villager (Male) |
| 21:53 | Queue | Villager (Male) |
| 21:55 | Build | Farm |
| 22:05 | Build | Farm |
| 22:16 | Queue | Villager (Male) |
| 22:17 | Queue | Villager (Male) |
| 22:22 | Research | Hand Cart |
| 22:23 | Research | Hand Cart |
| 22:31 | Build | Farm |
| 22:31 | Build | Farm |
| 22:31 | Build | Farm |
| 22:31 | Build | Farm |
| 22:32 | Build | Farm |
| 22:39 | Queue | Villager (Male) |
| 22:39 | Queue | Villager (Male) |
| 22:48 | Build | House |
| 22:49 | Build | House |
| 22:49 | Build | House |
| 22:50 | Build | House |
| 22:55 | Build | House |
Build order — Koleksiyoncu
First 150 of 309 actions detected
| 0:00 | Queue | Villager (Male) |
| 0:02 | Build | House |
| 0:03 | Build | House |
| 0:04 | Queue | Villager (Male) |
| 0:04 | Queue | Villager (Male) |
| 0:04 | Queue | Villager (Male) |
| 1:28 | Queue | Villager (Male) |
| 1:28 | Queue | Villager (Male) |
| 1:45 | Build | Lumber Camp |
| 2:03 | Queue | Villager (Male) |
| 2:03 | Queue | Villager (Male) |
| 2:15 | Queue | Villager (Male) |
| 2:46 | Queue | Villager (Male) |
| 2:46 | Queue | Villager (Male) |
| 3:18 | Queue | Villager (Male) |
| 3:19 | Queue | Villager (Male) |
| 3:25 | Build | House |
| 3:30 | Build | House |
| 3:35 | Queue | Villager (Male) |
| 3:35 | Queue | Villager (Male) |
| 3:49 | Queue | Villager (Male) |
| 3:50 | Queue | Villager (Male) |
| 4:32 | Queue | Villager (Male) |
| 4:32 | Queue | Villager (Male) |
| 4:48 | Queue | Villager (Male) |
| 4:49 | Queue | Villager (Male) |
| 5:16 | Queue | Villager (Male) |
| 5:30 | Build | Mining Camp |
| 5:40 | Queue | Villager (Male) |
| 5:40 | Queue | Villager (Male) |
| 6:09 | Queue | Villager (Male) |
| 6:10 | Queue | Villager (Male) |
| 6:10 | Queue | Villager (Male) |
| 6:20 | Build | Mining Camp |
| 6:26 | Queue | Villager (Male) |
| 7:30 | Queue | Villager (Male) |
| 7:44 | Queue | Villager (Male) |
| 7:44 | Queue | Villager (Male) |
| 8:55 | Research | Feudal Age |
| 9:33 | Build | Mill |
| 10:03 | Build | House |
| 10:18 | Build | Farm |
| 10:19 | Build | Farm |
| 10:20 | Build | Farm |
| 10:21 | Build | Farm |
| 10:23 | Build | Farm |
| 10:24 | Build | Farm |
| 10:57 | Queue | Villager (Male) |
| 10:57 | Queue | Villager (Male) |
| 10:58 | Queue | Villager (Male) |
| 10:58 | Queue | Villager (Male) |
| 10:58 | Queue | Villager (Male) |
| 11:04 | Research | Loom |
| 11:05 | Age | Feudal Age |
| 11:15 | Build | Market |
| 12:10 | Build | Blacksmith |
| 13:46 | Research | Castle Age |
| 14:15 | Build | House |
| 14:49 | Research | Double-Bit Axe |
| 15:00 | Research | Horse Collar |
| 15:03 | Queue | Villager (Male) |
| 16:26 | Age | Castle Age |
| 16:26 | Queue | Villager (Male) |
| 16:38 | Build | Castle |
| 17:01 | Build | Town Center |
| 17:15 | Build | Mining Camp |
| 17:25 | Queue | Villager (Male) |
| 17:26 | Queue | Villager (Male) |
| 17:26 | Queue | Villager (Male) |
| 17:28 | Queue | Villager (Male) |
| 17:41 | Queue | Conquistador |
| 17:41 | Queue | Conquistador |
| 17:41 | Queue | Conquistador |
| 17:42 | Queue | Conquistador |
| 17:45 | Build | Siege Workshop |
| 18:01 | Queue | Villager (Male) |
| 18:01 | Queue | Villager (Male) |
| 18:01 | Queue | Villager (Male) |
| 18:17 | Queue | Battering Ram |
| 18:22 | Build | Farm |
| 18:31 | Build | Farm |
| 18:41 | Queue | Villager (Male) |
| 18:42 | Queue | Villager (Male) |
| 18:43 | Build | Farm |
| 19:12 | Queue | Conquistador |
| 19:32 | Queue | Conquistador |
| 19:32 | Queue | Conquistador |
| 19:46 | Queue | Battering Ram |
| 19:57 | Queue | Conquistador |
| 20:06 | Build | Farm |
| 20:15 | Build | Farm |
| 20:16 | Queue | Villager (Male) |
| 20:17 | Queue | Villager (Male) |
| 20:33 | Build | Farm |
| 20:38 | Build | Farm |
| 21:24 | Queue | Conquistador |
| 21:24 | Queue | Conquistador |
| 21:25 | Queue | Conquistador |
| 22:06 | Queue | Conquistador |
| 22:06 | Queue | Conquistador |
| 22:06 | Queue | Conquistador |
| 23:07 | Queue | Villager (Male) |
| 23:08 | Queue | Villager (Male) |
| 23:08 | Queue | Villager (Male) |
| 23:08 | Queue | Villager (Male) |
| 23:09 | Queue | Villager (Male) |
| 23:09 | Queue | Villager (Male) |
| 23:48 | Queue | Mangonel |
| 23:54 | Build | House |
| 23:55 | Build | House |
| 23:58 | Build | Mining Camp |
| 24:10 | Build | Farm |
| 24:12 | Build | Farm |
| 24:12 | Build | Farm |
| 24:13 | Build | Farm |
| 24:14 | Research | Heavy Plow |
| 25:14 | Queue | Mangonel |
| 25:38 | Build | Farm |
| 25:41 | Research | Wheelbarrow |
| 26:11 | Queue | Mangonel |
| 26:24 | Queue | Mangonel |
| 26:28 | Queue | Conquistador |
| 26:28 | Queue | Conquistador |
| 26:34 | Queue | Villager (Male) |
| 26:34 | Queue | Villager (Male) |
| 26:34 | Queue | Villager (Male) |
| 26:55 | Queue | Villager (Male) |
| 26:56 | Queue | Villager (Male) |
| 26:57 | Research | Bow Saw |
| 27:04 | Queue | Battering Ram |
| 28:28 | Build | Castle |
| 28:30 | Queue | Villager (Male) |
| 28:31 | Queue | Villager (Male) |
| 28:36 | Build | Mill |
| 28:37 | Build | Farm |
| 28:37 | Build | Farm |
| 28:38 | Build | Farm |
| 28:39 | Build | Farm |
| 28:40 | Build | Farm |
| 29:44 | Research | Imperial Age |
| 29:44 | Research | Imperial Age |
| 29:48 | Build | House |
| 29:49 | Build | House |
| 29:49 | Build | House |
| 29:51 | Build | House |
| 29:51 | Build | House |
| 30:17 | Build | Town Center |
| 30:23 | Build | Town Center |
| 30:33 | Build | Mining Camp |
| 30:50 | Build | House |
Match timeline
| 10:18 | concejaljesus23 · age_up feudal |
| 10:19 | MrChronos · first_building Barracks |
| 11:05 | Koleksiyoncu · age_up feudal |
| 11:07 | CDLP_Themachine · age_up feudal |
| 11:20 | 夜晚的奖励哥 · age_up feudal |
| 12:11 | happyeric8877 · age_up feudal |
| 12:12 | MrChronos · age_up feudal |
| 12:28 | MrChronos · first_building Stable |
| 12:33 | COCO · first_building Barracks |
| 13:13 | Goudjou · age_up feudal |
| 13:25 | COCO · age_up feudal |
| 13:30 | Goudjou · first_building Barracks |
| 14:09 | COCO · first_building Archery Range |
| 15:29 | CDLP_Themachine · age_up castle |
| 15:44 | happyeric8877 · age_up castle |
| 15:51 | 夜晚的奖励哥 · age_up castle |
| 16:07 | CDLP_Themachine · first_building Castle |
| 16:08 | concejaljesus23 · age_up castle |
| 16:26 | Koleksiyoncu · age_up castle |
| 16:38 | Koleksiyoncu · first_building Castle |
| 16:49 | MrChronos · age_up castle |
| 17:33 | concejaljesus23 · first_building Castle |
| 17:43 | Goudjou · first_building Stable |
| 17:45 | Koleksiyoncu · first_building Siege Workshop |
| 18:01 | concejaljesus23 · wall_segment Stone Wall x1 |
| 18:49 | concejaljesus23 · wall_segment Stone Wall x7 |
| 19:31 | COCO · age_up castle |
| 19:33 | COCO · first_building Castle |
| 20:37 | concejaljesus23 · resign |
| 20:41 | CDLP_Themachine · first_building Siege Workshop |
| 21:38 | Goudjou · age_up castle |
| 22:19 | MrChronos · first_building Castle |
| 22:26 | Goudjou · first_building Castle |
| 23:07 | MrChronos · first_building Archery Range |
| 23:44 | COCO · first_building Siege Workshop |
| 24:28 | happyeric8877 · first_building Barracks |
| 24:54 | CDLP_Themachine · first_building Monastery |
| 25:23 | happyeric8877 · first_building Stable |
| 25:29 | COCO · first_building Stable |
| 25:29 | happyeric8877 · first_building Monastery |
| 26:09 | happyeric8877 · tribute_sent a jugador 1 |
| 26:09 | happyeric8877 · tribute_sent a jugador 2 |
| 26:09 | happyeric8877 · tribute_sent a jugador 3 |
| 26:09 | happyeric8877 · tribute_sent a jugador 4 |
| 26:09 | happyeric8877 · tribute_sent a jugador 5 |
| 26:09 | happyeric8877 · tribute_sent a jugador 6 |
| 26:09 | happyeric8877 · tribute_sent a jugador 8 |
| 26:52 | Koleksiyoncu · first_market_buy 100 stone |
| 29:24 | happyeric8877 · age_up imperial |
| 29:44 | happyeric8877 · first_building Castle |
| 32:00 | CDLP_Themachine · first_building Barracks |
| 32:35 | Koleksiyoncu · first_building Barracks |
| 32:54 | Koleksiyoncu · age_up imperial |
| 33:01 | happyeric8877 · first_building Siege Workshop |
| 35:17 | MrChronos · age_up imperial |
| 35:22 | CDLP_Themachine · first_building Archery Range |
| 37:08 | 夜晚的奖励哥 · first_building Stable |
| 37:17 | Goudjou · first_building Siege Workshop |
| 37:30 | CDLP_Themachine · age_up imperial |
| 42:32 | 夜晚的奖励哥 · first_building Siege Workshop |
| 43:13 | 夜晚的奖励哥 · age_up imperial |
| 47:06 | CDLP_Themachine · first_market_sell 100 wood |
| 47:54 | 夜晚的奖励哥 · first_building Castle |
| 49:20 | happyeric8877 · first_market_sell 500 food |
| 49:59 | 夜晚的奖励哥 · first_market_sell 100 stone |
[ AI ANALYSIS · 1 CREDIT ]
What really happened in this match?
Wolo.gg analyzes every decision: build order, eco, micro, common mistakes by bracket. Personalized analysis on WhatsApp or Discord in 30 seconds.
Civ guide
Bohemians
Perfil
Jugador #2326356